 Dungeon Crawl Stone Soup version 0.32-a0-900-g30fb1b0edc (webtiles) character file.

Game seed: 6776425829089733510

425 Doorstop00 the Chopper (level 6, 0/84 HPs)
             Began as a Minotaur Berserker on Apr 5, 2024.
             Was a Priest of Trog.
             Slain by a shadow imp (2 damage)
             ... on level 4 of the Dungeon.
             The game lasted 00:08:57 (2614 turns).

Doorstop00 the Chopper (Minotaur Berserker)         Turns: 2614, Time: 00:08:58

Health: 0/84       AC:  9    Str: 27    XL:     6   Next: 64%
Magic:  5/5        EV:  8    Int:  6    God:    Trog [***...]
Gold:   140        SH:  0    Dex: 10    Spells: 5/5 levels left

rFire   + . .        d - +0 war axe
rCold   . . .        (no shield)
rNeg    . . .        e - +0 chain mail {rF+}
rPois   .            (helmet restricted)
rElec   .            (no cloak)
rCorr   .            (no gloves)
SInv    .            (no boots)
Will    .....        g - amulet of the acrobat Stlth
                     b - +6 ring of strength
HPRegen 0.34/turn    (no ring)
MPRegen 0.09/turn

%: acrobat
@: berserking, very quick
A: horns 2, retaliatory headbutt
a: Renounce Religion, Berserk, Trog's Hand


You were on level 4 of the Dungeon.
You worshipped Trog.
Trog was most pleased with you.
You visited 1 branch of the dungeon, and saw 4 of its levels.

You collected 182 gold pieces.
You spent 42 gold pieces at shops.

Inventory:

Hand Weapons
 d - a +0 war axe (weapon)
Armour
 e - a +0 chain mail of fire resistance (worn)
Jewellery
 b - a +6 ring of strength (left hand)
 g - an amulet of the acrobat (around neck)
Scrolls
 k - a scroll of fear {unknown}
 l - a scroll of identify
 m - a scroll of torment {unknown}
Potions
 a - 3 potions of attraction
 c - 2 potions of lignification
 f - a potion of brilliance
 h - 2 potions of curing
 i - a potion of heal wounds {unknown}
 j - 3 potions of might


   Skills:
 * Level 5.1 Fighting
 * Level 6.9 Axes
 * Level 4.4 Armour
 * Level 3.1 Dodging


You had 5 spell levels left.
You didn't know any spells.
Your spell library was empty.

Dungeon Overview and Level Annotations

Branches:
Dungeon (4/15)
 Temple: D:4-7

Altars:
Xom

Shops:
D:1 (


Innate Abilities, Weirdness & Mutations

You have a pair of horns on your head.
You reflexively headbutt those who attack you in melee.


Message History

The puff of frost hits you! The orc hits you but does no damage.
The orc misses you.
You hit the orc.
You kill the orc!
Trog accepts your kill.
You closely miss the white imp.
The white imp grinds its teeth.
The white imp gestures at you. The puff of frost hits you.
* * * LOW HITPOINT WARNING * * *
The orc hits you but does no damage. The white imp hits you.
* * * LOW HITPOINT WARNING * * *
The white imp freezes you.
* * * LOW HITPOINT WARNING * * *
The orc misses you. The orc hits you but does no damage.
A red film seems to cover your vision as you go berserk!
You feel yourself moving faster!
You feel mighty! The white imp hits you.
* * * LOW HITPOINT WARNING * * *
The white imp freezes you.
* * * LOW HITPOINT WARNING * * *
The orc barely misses you. The orc hits you but does no damage.
You slash the orc!
You kill the orc!
Trog accepts your kill.
You slash the white imp!
You kill the white imp!
Trog accepts your kill. The orc barely misses you.
Items here: ( ))) [[ ††.
You barely miss the orc. Your headbutt misses the orc.
You closely miss the shadow imp. The shadow imp gestures at you.
Pain shoots through your body!
* * * LOW HITPOINT WARNING * * *
The orc closely misses you.
You slash the orc!
You kill the orc!
Trog accepts your kill.
You barely miss the shadow imp. The shadow imp hits you.
You die...

.#...........~.~...
.#...........~~♣ ...#'##
.#...........♣~♣#.......
.#..........#..~#.......
.#..........+...#.......
.#..........#...#.......
########+####...#.......
#...#.......
#..)@5......
####.)...... .#♣.P(###
.. .$P..# ... ....' ....
....# ..... ...# .##...
#..#


You could see a shadow imp.

Vanquished Creatures
  2 ogres
  A quasit (D:4)
  A gnoll bouda (D:3)
  2 adders (D:2)
  4 gnolls (D:3)
  A shadow imp (D:4)
  6 white imps
  An ufetubus (D:4)
  3 orcs (D:4)
  6 ball pythons
  5 endoplasms
  2 giant cockroaches
  7 goblins
  9 hobgoblins
  4 jackals (D:1)
  7 kobolds
  5 quokkas
  7 bats
  5 frilled lizards
  8 rats
86 creatures vanquished.

Notes
Turn   | Place    | Note
-------+----------+-------------------------------------------
     0 | D:1      | Doorstop00 the Minotaur Berserker began the quest for the
                  | Orb.
     0 | D:1      | Reached XP level 1. HP: 19/19 MP: 0/0
   164 | D:1      | Reached XP level 2. HP: 27/27 MP: 1/1
   168 | D:1      | Reached skill level 4 in Axes
   266 | D:1      | Found Maskob's Weapon Shoppe.
   281 | D:1      | Bought a +0 war axe for 42 gold pieces
   368 | D:1      | Reached ** piety under Trog
   405 | D:1      | Reached XP level 3. HP: 30/33 MP: 2/2
   864 | D:2      | Found a shimmering altar of Xom.
  1218 | D:2      | Reached XP level 4. HP: 40/40 MP: 3/3
  1687 | D:3      | Reached skill level 5 in Axes
  2008 | D:3      | Found Togotael's Antique Weapon Emporium.
  2061 | D:3      | Reached *** piety under Trog
  2070 | D:3      | Reached XP level 5. HP: 43/47 MP: 4/4
  2308 | D:4      | Noticed an ogre
  2309 | D:4      | Noticed an ogre
  2319 | D:3      | Killed an ogre
  2320 | D:3      | Reached skill level 6 in Axes
  2320 | D:3      | Reached XP level 6. HP: 35/55 MP: 5/5
  2429 | D:4      | Reached skill level 5 in Fighting
  2613 | D:4      | HP: 2/84 [shadow imp/nerve-wracking pain (11)]
  2614 | D:4      | Slain by a shadow imp

Illustrated notes

Levels and vault maps discovered:
D:1:      dpeg_arrival_refuge, layout_basic, serial_shops, shop_fountains,
          minmay_misc_feat_five
D:2:      layout_basic, basic_altar, kennysheep_pointless_box
D:3:      layout_basic, serial_shops, shop
D:4:      layout_gridville, minmay_temple_entry_butterflies, serial_demonic,
          serial_demonic_d, serial_demonic_b, serial_demonic_e,
          serial_demonic_e, serial_demonic_g, serial_demonic_a,
          minmay_misc_feat_four_crosses, serial_bayou_pond_d

Skill      XL: |  1  2  3  4  5  6 |
---------------+-------------------+-----
Fighting       | 4 5 |  5.1
Axes           | 4 5 6 |  6.9
Armour         | 3 4 |  4.4
Dodging        | 3 |  3.1

Action                     |  1- 3 |  4- 6 || total
---------------------------+-------+-------++-------
  Melee: Hand axe          |    42 |       ||    42
         War axe           |    56 |    77 ||   133
         Headbutt          |    10 |    11 ||    21
 Invoke: Berserk           |       |     3 ||     3
    Use: Scroll            |     4 |     1 ||     5
 Armour: Ring mail         |    32 |       ||    32
         Chain mail        |    59 |   109 ||   168
  Dodge: Dodged            |    50 |    79 ||   129

Table legend: (Time is in decaauts)
 A = Elapsed time spent in this place.
 B = Non-inter-level travel time spent in this place.
 C = Inter-level travel time spent in this place.
 D = Time resting spent in this place.
 E = Time spent auto-exploring this place.
 F = Levels seen in this place.
 G = Mean time per level.
                   A        B        C        D        E       F      G
               +--------+--------+--------+--------+--------+-----+--------+
         Total |   2669 |   2516 |    153 |    343 |   1590 |   4 |  667.2 |
       Dungeon |   2669 |   2516 |    153 |    343 |   1590 |   4 |  667.2 |
               +--------+--------+--------+--------+--------+-----+--------+

Top non-repeatable levels by time:
     D:3: 890 daAuts
     D:2: 881 daAuts
     D:1: 760 daAuts
     D:4: 136 daAuts
